 Dungeon Crawl Stone Soup version 0.28-a0-863-g8cecda6153 (webtiles) character file.

Game seed: 770421027276098394

371 kae the Ruffian (level 6, -2/51 HPs)
             Began as a Draconian Transmuter on Nov 16, 2021.
             Killed from afar by an orc wizard (5 damage)
             ... with a magic dart
             ... in the Ecumenical Temple.
             The game lasted 00:04:01 (5830 turns).

kae the Ruffian (Draconian Transmuter)              Turns: 5830, Time: 00:04:02

Health: -2/51      AC:  2    Str: 12    XL:     6   Next: 42%
Magic:  7/10       EV: 19    Int: 16    God:
Gold:   106        SH:  0    Dex: 16    Spells: 5/11 levels left

rFire   . . .      SeeInvis .     - Unarmed
rCold   . . .      Faith    .   (shield currently unavailable)
rNeg    . . .      Spirit   .   (armour unavailable)
rPois   x          Reflect  .   (helmet currently unavailable)
rElec   .          Harm     .   (cloak currently unavailable)
rCorr   .          Rampage  .   (gloves currently unavailable)
Will    .....                   (boots currently unavailable)
Stlth   +.........              (no amulet)
HPRegen 0.17/turn               (no ring)
MPRegen 0.12/turn               (no ring)

@: brilliant, spider-form
A: venomous fangs, AC +6, tiny, unfitting armour, (cold-blooded)
a: End Transformation


You were in the Ecumenical Temple.
You were a venomous arachnid creature.
You visited 2 branches of the dungeon, and saw 5 of its levels.

You collected 106 gold pieces.

Inventory:

Scrolls
 a - a scroll of identify
Potions
 c - a potion of mutation
 g - a potion of flight {unknown}


   Skills:
 + Level 3.2 Fighting
 - Level 1.7 Dodging
 * Level 4.9 Unarmed Combat
 + Level 3.1 Spellcasting
 + Level 3.3 Transmutations
 - Level 2.0 Poison Magic


You had 5 spell levels left.
You knew the following spells:

 Your Spells              Type           Power      Damage    Failure   Level
a - Beastly Appendage     Tmut           38%        N/A       14%         1
b - Spider Form           Tmut/Pois      16%        N/A       38%         3
c - Blink                 Tloc           6%         N/A       50%         2

Your spell library contained the following spells:

 Spells                   Type           Power      Damage    Failure   Level
 Wereblood                Tmut           19%        N/A       19%         2
 Ice Form                 Ice/Tmut       11%        N/A       85%         4
 Manifold Assault         Tloc           3%         N/A       100%        5
 Storm Form               Tmut/Air       5%         N/A       100%        7


Dungeon Overview and Level Annotations

Branches:
Dungeon (4/15)             Temple (1/1) D:4

Altars:
Ashenzari
Cheibriados
Fedhas
Makhleb
Okawaru
Sif Muna
Trog
Vehumet
Wu Jian
Xom
The Shining One


Innate Abilities, Weirdness & Mutations

You are a venomous arachnid creature.
You have poisonous fangs.
You are tiny and dextrous.
Your spellcasting is less reliable in this form.
Your armour is entirely melded.
You are incapable of wielding weapons or throwing items.
((Your plain brown scales are hard. (AC +6)))
You cannot fit into any form of body armour.
((You are cold-blooded and may be slowed by cold attacks.))


Message History

Something hits you but does no damage.
You hit something.
You feel less confused. Something hits you.
You hear some strange, mumbled words.
A puff of flame appears from out of thin air!
The puff of flame hits you.
Casting: Beastly Appendage (safe; 4% risk of failure)
Confirm with . or Enter, or press ? or * to list all spells.
You turn into a venomous arachnid creature.
You hear some strange, mumbled words.
Something tries to affect you, but you resist.
You hear some strange, mumbled words.
A magic dart appears from out of thin air!
The magic dart hits you! Something hits you.
* * * LOW HITPOINT WARNING * * *
Something hits you.
* * * LOW HITPOINT WARNING * * *
There is a strange disturbance nearby!
There is a strange disturbance nearby!
You closely miss something. Something hits you.
* * * LOW HITPOINT WARNING * * *
You closely miss something. Something hits you but does no damage.
Something hits you.
* * * LOW HITPOINT WARNING * * *
You closely miss something. Something hits you.
* * * LOW HITPOINT WARNING * * *
You barely miss something. Something hits you.
* * * LOW HITPOINT WARNING * * *
Something hits you.
* * * LOW HITPOINT WARNING * * *
It was a potion of brilliance.
You feel clever all of a sudden. Something hits you.
* * * LOW HITPOINT WARNING * * *
You hear some strange, mumbled words.
A magic dart appears from out of thin air!
The magic dart hits you.
You die...

###############
°°°○☼☼°°☼☼○°☼☼°#
°°°°°☼○○°°○○○°°#
°○○○○○°○○°○°°☼☼#
°○○.._._._._○○°#
.○○.........○°○#
°°☼_......._○○○#
°°°.........○°○#
°°○_...<{s._○°°#
°○°.........°°☼#
°°○.........○○○#
°○○.........°°°#
.°○.._..._._○○☼#
°°°○°°°○☼○°○☼°°#
°○°°°○○°°○☼°°°○#
○○°°○○○°☼°○○°○°#
###############


There were no monsters in sight!

Vanquished Creatures
  Sigmund (D:2)
  A centaur skeleton (D:4)
  Robin (D:3)
  4 gnolls (D:3)
  3 adders (D:3)
  An ufetubus (D:4)
  2 worms
  A dart slug (D:2)
  An orc (D:2)
  4 bats
  An endoplasm (D:2)
  20 goblins
  8 hobgoblins
  8 jackals
  A quokka (D:1)
  4 ball pythons
  4 frilled lizards
  3 kobolds
  4 rats
72 creatures vanquished.

Vanquished Creatures (others)
  An orc wizard (D:4)
1 creature vanquished.

Grand Total: 73 creatures vanquished

Notes
Turn   | Place    | Note
-------+----------+-------------------------------------------
     0 | D:1      | kae the Draconian Transmuter began the quest for the Orb.
     0 | D:1      | Reached XP level 1. HP: 16/16 MP: 3/3
   476 | D:1      | Reached XP level 2. HP: 21/23 MP: 3/5
  1087 | D:2      | Noticed Sigmund
  1380 | D:1      | Learned a level 2 spell: Wereblood
  1383 | D:1      | Learned a level 2 spell: Blink
  1966 | D:2      | Reached XP level 3. HP: 17/29 MP: 4/6
  3192 | D:3      | Noticed Robin
  3602 | D:3      | Learned a level 3 spell: Spider Form
  3647 | D:3      | Reached XP level 4. HP: 12/36 MP: 7/7
  3812 | D:3      | Reached skill level 4 in Unarmed Combat
  3898 | D:3      | Reached skill level 1 in Poison Magic
  4716 | D:3      | Killed Robin
  4717 | D:3      | Reached XP level 5. HP: 38/42 MP: 5/8
  5178 | D:2      | Killed Sigmund
  5179 | D:2      | Reached XP level 6. HP: 40/51 MP: 7/10
  5777 | D:4      | Found a staircase to the Ecumenical Temple.
  5812 | Temple   | Entered the Ecumenical Temple
  5830 | Temple   | Killed from afar by an orc wizard

Illustrated notes

Levels and vault maps discovered:
D:1:      wander_arrival_chamber, layout_loops_ring
D:2:      layout_loops_ring, uniq_sigmund
D:3:      layout_loops_cross, chequers_arboretum, st_stairs_4,
          minmay_goblin_outpost, uniq_robin
D:4:      layout_gridville, mainiacjoe_overflow_boulevard,
          mainiacjoe_overflow_catwalk_spiral, minmay_temple_entry_crystal_x,
          minmay_misc_feat_pillars, chequers_garden,
          minmay_a_box_with_orc_wizards_in_it
Temple:   minmay_freezing_vapour_temple

Skill      XL: |  1  2  3  4  5 |
---------------+----------------+-----
Fighting       | 2 3 |  3.2
Unarmed Combat | 4 |  4.9
Poison Magic   | 1 2 |  2.0
Spellcasting   | 3 |  3.1
Transmutations | 3 |  3.3
Dodging        | |  1.7

Action                   |  1- 3 |  4- 6 || total
-------------------------+-------+-------++-------
Melee: Unarmed           |   148 |   144 ||   292
       Headbutt          |     9 |     9 ||    18
       Kick              |    11 |    13 ||    24
       Tailslap          |    11 |     1 ||    12
 Cast: Beastly Appendage |    23 |    10 ||    33
       Spider Form       |       |     4 ||     4
       Blink             |       |     1 ||     1
  Use: Scroll            |     2 |     2 ||     4
       Potion            |       |     2 ||     2
 Stab: Sleeping          |     1 |       ||     1
Armor: Skin              |    52 |    49 ||   101
Dodge: Dodged            |   106 |   102 ||   208

Table legend: (Time is in decaauts)
 A = Elapsed time spent in this place.
 B = Non-inter-level travel time spent in this place.
 C = Inter-level travel time spent in this place.
 D = Time resting spent in this place.
 E = Time spent auto-exploring this place.
 F = Levels seen in this place.
 G = Mean time per level.
                   A        B        C        D        E       F      G
               +--------+--------+--------+--------+--------+-----+--------+
         Total |   5817 |   5439 |    378 |   1174 |   3482 |   5 | 1163.4 |
       Dungeon |   5800 |   5422 |    378 |   1174 |   3482 |   4 | 1450.0 |
        Temple |     16 |     16 |      0 |      0 |      0 |   1 |   16.0 |
               +--------+--------+--------+--------+--------+-----+--------+

Top non-repeatable levels by time:
     D:2: 2138 daAuts
     D:3: 1876 daAuts
     D:1: 1752 daAuts
     D:4: 33 daAuts
  Temple: 16 daAuts
